 Dungeon Crawl Stone Soup version 0.30.1-9-gdf580d7c3d (webtiles) character file.

Game seed: 8346722620803099455

1453 Cheops the Destroyer (level 8, -3/62 HPs)
             Began as a Naga Fire Elementalist on Oct 12, 2023.
             Slain by a gnoll bouda
             ... wielding a +0 whip
              (4 damage)
             ... on level 5 of the Dungeon.
             The game lasted 00:20:34 (6497 turns).

Cheops the Destroyer (Naga Fire Elementalist)       Turns: 6497, Time: 00:20:34

Health: -3/62      AC:  6    Str: 12    XL:     8   Next: 75%
Magic:  6/12       EV:  9    Int: 17    God:
Gold:   374        SH:  0    Dex: 11    Spells: 6/13 levels left

rFire   . . .        a - +0 whip (freeze)
rCold   . . .        (no shield)
rNeg    . . .        e - +0 robe
rPois   +            w - +1 helmet
rElec   .            v - +0 cloak
rCorr   .            (no gloves)
SInv    +            (no barding)
Will    +....        (no amulet)
Stlth   ++           (no ring)
HPRegen 0.30/turn    (no ring)
MPRegen 0.13/turn

%: no passive effects
@: weakened, very slightly contaminated, very slow
A: AC +2, large, see invisible, deformed body, poison resistance, slowness 2,
spit poison 1, naga tail 1
a: Spit Poison


You were on level 5 of the Dungeon.
You visited 2 branches of the dungeon, and saw 6 of its levels.

You collected 374 gold pieces.

Inventory:

Hand Weapons
 a - a +0 whip of freezing (weapon)
 b - a +0 flail of holy wrath
 c - a +0 short sword
 A - a +0 dagger
Armour
 e - a +0 robe (worn)
 v - a +0 cloak (worn)
 w - a +1 helmet (worn)
Scrolls
 d - 2 scrolls of noise {unknown}
 f - a scroll of enchant armour {unknown}
 h - a scroll of fog
 i - 2 scrolls of torment {unknown}
 m - a scroll of acquirement {unknown}
 o - 2 scrolls of magic mapping {unknown}
 p - 2 scrolls of blinking {unknown}
 q - a scroll of enchant weapon
 s - 2 scrolls of teleportation
 x - a scroll of immolation
 y - 2 scrolls of butterflies
Potions
 g - a potion of invisibility {unknown}
 j - 2 potions of cancellation {unknown}
 k - a potion of haste {unknown}
 l - 5 potions of curing {unknown}
 n - 2 potions of heal wounds {unknown}
 r - 2 potions of ambrosia {unknown}
 t - a potion of resistance {unknown}
 u - a potion of degeneration {unknown}
 z - a potion of magic


   Skills:
 - Level 1.5 Dodging
 - Level 3.0 Stealth
 - Level 3.0 Spellcasting
 - Level 8.0 Conjurations
 + Level 7.1 Fire Magic


You had 6 spell levels left.
You knew the following spells:

 Your Spells              Type           Power      Damage    Failure   Level
a - Foxfire               Conj/Fire      100%       2x1d9     1%          1
b - Scorch                Fire           52%        2d7       1%          2
w - Flame Wave            Conj/Fire      28%        2d9       8%          4

Your spell library contained the following spells:

 Spells                   Type           Power      Damage    Failure   Level
 Inner Flame              Hex/Fire       14%        N/A       12%         3
 Volatile Blastmotes      Fire/Tloc      28%        2d12      12%         3
 Gell's Gravitas          Tloc           2%         N/A       45%         3
 Teleport Other           Tloc           2%         N/A       45%         3
 Summon Forest            Summ/Tloc      1%         N/A       99%         5
 Summon Mana Viper        Hex/Summ       2%         N/A       99%         5
 Dispersal                Tloc           1%         N/A       100%        6
 Summon Cactus Giant      Summ           1%         N/A       100%        6


Dungeon Overview and Level Annotations

Branches:
Dungeon (5/15)             Temple (1/1) D:5

Altars:
Ashenzari
Dithmenos
Fedhas
Hepliaklqana
Nemelex Xobeh
Sif Muna
Trog
Uskayaw
Wu Jian
Xom
Yredelemnul


Innate Abilities, Weirdness & Mutations

Your serpentine skin is tough. (AC +2)
You have supernaturally acute eyesight. (SInv)
Armour fits poorly on your strangely shaped body.
Your system is resistant to poisons. (rPois)
You cover ground very slowly.
You can spit poison.
You have a snake-like lower body.


Message History

The gnoll picks up the pace!
The gnoll throws a throwing net.
The throwing net hits you.
You become entangled in the net!
You struggle against the net.
The gnoll hits you but does no damage. The gnoll bouda barely misses you.
You struggle against the net.
The gnoll hits you with a +0 flail.
The gnoll bouda hits you with a +0 whip.
The gnoll hits you with a +0 club.
You struggle against the net.
The gnoll hits you but does no damage.
The gnoll bouda hits you with a +0 whip.
* * * LOW HITPOINT WARNING * * *
The gnoll barely misses you. The gnoll hits you but does no damage.
You rip the net and break free!
The gnoll hits you with a +0 flail.
* * * LOW HITPOINT WARNING * * *
The gnoll bouda gazes fiercely through you!
You feel your attacks grow feeble.
The gnoll bouda hits you with a +0 whip.
* * * LOW HITPOINT WARNING * * *
The gnoll hits you from afar with a +0 halberd!
* * * LOW HITPOINT WARNING * * *
The gnoll hits you but does no damage.
You closely miss the gnoll bouda.
The gnoll bouda is severely wounded.
The gnoll bouda is no longer more vulnerable to fire.
The gnoll hits you but does no damage.
The gnoll bouda hits you with a +0 whip!
* * * LOW HITPOINT WARNING * * *
The gnoll hits you from afar with a +0 halberd.
* * * LOW HITPOINT WARNING * * *
The gnoll hits you with a +0 club.
* * * LOW HITPOINT WARNING * * *
The gnoll hits you with a +0 flail.
* * * LOW HITPOINT WARNING * * *
Unknown command.
You closely miss the gnoll bouda.
The gnoll bouda is severely wounded.
The gnoll bouda gazes fiercely through you!
You feel as though you will be weak longer.
The gnoll bouda hits you with a +0 whip.
You die...

.#.# .# #.#.######.# #..........#
#..........# #.#g####.### #.#g#
#.# ##### #.#g####.# #......
#.#gg....######
.......######.#g@#..........
..............#..#.##############
≈≈...............#.#.............
≈≈≈≈......(......#.#.###########.
≈≈≈≈≈............#.#.##....# #.
≈≈≈≈≈...........##.#.##.########.
≈≈≈≈≈...........##...............
~≈≈≈≈.........#.####.##..######..
[~≈≈...####................# #..


You could see a gnoll bouda and 5 gnolls.

Vanquished Creatures
  Pikel (D:5)
  Eustachio (D:4)
  Menkaure (D:4)
  2 water moccasins (D:5)
  An ogre (D:5)
  2 lemures (D:5)
  2 scorpions
  2 hounds (D:5)
  An orc priest (D:4)
  A jelly (D:5)
  An iguana (D:4)
  2 orc wizards (D:5)
  3 adders
  4 gnolls (D:3)
  2 white imps (D:5)
  6 worms
  2 dart slugs
  14 orcs
  8 ball pythons
  7 endoplasms
  2 giant cockroaches
  10 goblins
  5 hobgoblins
  2 jackals (D:3)
  8 quokkas
  4 bats
  3 frilled lizards
  10 kobolds
  9 rats
116 creatures vanquished.

Vanquished Creatures (collateral kills)
  2 foxfires
2 creatures vanquished.

Vanquished Creatures (others)
  346 foxfires
346 creatures vanquished.

Grand Total: 464 creatures vanquished

Notes
Turn   | Place    | Note
-------+----------+-------------------------------------------
     0 | D:1      | Cheops the Naga Fire Elementalist began the quest for the
                  | Orb.
     0 | D:1      | Reached XP level 1. HP: 15/15 MP: 3/3
   160 | D:1      | Reached XP level 2. HP: 22/22 MP: 5/5
   680 | D:1      | Reached XP level 3. HP: 25/28 MP: 4/7
   683 | D:1      | Learned a level 2 spell: Scorch
  1386 | D:1      | Reached skill level 2 in Conjurations
  2036 | D:2      | Reached XP level 4. HP: 36/36 MP: 5/8
  2109 | D:2      | Found a shadowy altar of Dithmenos.
  2330 | D:2      | Reached skill level 3 in Conjurations
  2356 | D:2      | Learned a level 4 spell: Flame Wave
  2437 | D:3      | Noticed a scorpion
  2445 | D:2      | Killed a scorpion
  2446 | D:2      | Reached skill level 4 in Conjurations
  2446 | D:2      | Reached XP level 5. HP: 22/42 MP: 0/9
  3866 | D:4      | Noticed Menkaure
  3875 | D:4      | Reached XP level 6. HP: 18/49 MP: 2/10
  3876 | D:4      | Killed Menkaure
  3877 | D:4      | Reached skill level 5 in Fire Magic
  4154 | D:4      | Reached skill level 5 in Conjurations
  4779 | D:4      | Reached XP level 7. HP: 40/55 MP: 4/11
  5206 | D:5      | Entered Level 5 of the Dungeon
  5382 | D:5      | Reached skill level 6 in Conjurations
  5712 | D:5      | Identified the +2 sling "Yryfozesk" {elec, Str-2 Dex+2
                  | SInv}
  5765 | D:5      | Identified the +0 ring mail of the Beginning {rPois Will-
                  | Str-4 Dex+9}
  5776 | D:5      | Reached XP level 8. HP: 62/62 MP: 4/12
  5778 | D:5      | Noticed Eustachio
  5851 | D:4      | Killed Eustachio
  6021 | D:5      | Found a staircase to the Ecumenical Temple.
  6043 | Temple   | Entered the Ecumenical Temple
  6275 | D:5      | Noticed Pikel
  6436 | D:5      | Killed Pikel
  6437 | D:5      | Reached skill level 8 in Conjurations
  6496 | D:5      | HP: 1/62 [gnoll/+0 flail[a gnoll bouda] (4)]
  6497 | D:5      | Slain by a gnoll bouda

Illustrated notes

Levels and vault maps discovered:
D:1:      minmay_arrival_plants_in_alcoves, layout_loops_corners
D:2:      layout_rooms, basic_altar, grunt_ministairs_4, minmay_tall_x
D:3:      layout_basic, minmay_fractal_squares_5
D:4:      layout_cave_pods, minmay_gold_behind_fungi,
          amcnicky_mini_rare_corridor_liquid, uniq_menkaure
D:5:      layout_basic, temple_pool_b, uniq_pikel, uniq_eustachio
Temple:   nicolae_temple_bog_church

Skill      XL: |  1  2  3  4  5  6  7  8 |
---------------+-------------------------+-----
Spellcasting   | 3 |  3.0
Conjurations   | 2 4 5 6 8 |  8.0
Fire Magic     | 4 5 6 7 |  7.1
Dodging        | |  1.5
Stealth        | |  3.0

Action                     |  1- 3 |  4- 6 |  7- 9 || total
---------------------------+-------+-------+-------++-------
  Melee: Short sword       |     3 |       |       ||     3
         Unarmed           |     2 |       |       ||     2
         Punch             |     1 |     2 |       ||     3
         Dagger            |    22 |    18 |    18 ||    58
         Whip              |       |       |     3 ||     3
   Cast: Foxfire           |    66 |    82 |    51 ||   199
         Scorch            |       |    27 |    15 ||    42
Ability: Spit Poison       |     8 |     5 |     4 ||    17
    Use: Scroll            |       |       |     5 ||     5
   Stab: Sleeping          |     1 |       |       ||     1
 Armour: Robe              |    19 |    18 |    60 ||    97
  Dodge: Dodged            |    35 |    31 |    52 ||   118
